Map: Dusk Towers

Players

Sparrow - Winner!

  • Race: Terran Terran
  • League: Grandmaster

Cereal

  • Race: Zerg Zerg
  • League: Master

VOD

Have the link to the VOD?

Description

Time

  • Played on: Feb. 22, 2016, 7:45 p.m.
  • Length: 20:17
Show
View Real Time Build Order
Export as new Build Order

Sparrow Terran - Winner!

Build Orders: Command Center First (CC), Liberator Opening, Bio Tank 

Get SALT Encoding   

  12  0:00  SCV  
  13  0:13  SCV  
  14  0:17  Supply Depot  
  14  0:25  SCV  
  15  0:39  SCV  
  16  0:51  SCV  
  17  1:00  Command Center  
  17  1:04  SCV  
  18  1:13  Barracks  
  18  1:16  SCV  
  19  1:23  Refinery  
  19  1:27  Refinery  
  19  1:30  SCV  
  20  1:42  SCV  
  21  1:54  SCV  
  21  2:00  Marine  
  23  2:07  Orbital Command  
  23  2:12  Factory  
  23  2:18  Orbital Command  
  23  2:23  Barracks Reactor  
  23  2:34  SCV  
  23  2:35  Supply Depot  
  24  2:46  SCV x2  
  26  2:58  SCV x2, Starport  
  28  3:08  Barracks Reactor  
  28  3:10  SCV  
  29  3:12  Supply Depot  
  29  3:13  Hellion x2  
  29  3:16  SCV  
  34  3:22  SCV  
  35  3:28  SCV  
  35  3:33  Liberator x2  
  36  3:34  Hellion  
  36  3:35  Supply Depot, Hellion, SCV  
  41  3:48  SCV  
  42  3:52  Barracks Tech Lab  
  42  3:53  SCV  
  49  3:56  Hellion x2  
  49  4:01  SCV  
  54  4:05  SCV  
  54  4:07  Supply Depot  
  55  4:10  Supply Depot  
  55  4:13  SCV  
  56  4:17  SCV  
  57  4:25  Stimpack, SCV  
  57  4:29  SCV  
  59  4:31  Command Center  
  59  4:35  Factory Reactor  
  59  4:37  SCV  
  60  4:44  SCV  
  61  4:49  SCV  
  62  4:53  Engineering Bay  
  62  4:54  Engineering Bay  
  62  4:56  SCV  
  62  4:57  Barracks x2  
  62  4:59  Refinery x2  
  63  5:01  SCV  
  63  5:04  Starport Reactor  
  64  5:08  SCV  
  64  5:13  SCV  
  64  5:20  SCV  
  65  5:22  Terran Infantry Armor Level 1, Terran Infantry Weapons Level 1  
  65  5:26  SCV  
  63  5:32  SCV  
  63  5:33  Marine  
  65  5:37  Barracks  
  65  5:38  Barracks, SCV  
  66  5:43  Orbital Command  
  66  5:44  SCV  
  66  5:48  Marine  
  66  5:49  Marine  
  66  5:50  Medivac x2, Marine  
  66  5:51  Factory Reactor, SCV  
  72  5:59  Marine x2  
  72  6:01  SCV  
  72  6:04  SCV  
  76  6:06  Marine  
  76  6:08  Orbital Command  
  75  6:13  Barracks, SCV  
  75  6:16  Supply Depot, SCV  
  75  6:17  Supply Depot  
  77  6:25  SCV  
  76  6:28  SCV  
  76  6:29  Refinery  
  76  6:31  Armory  
  76  6:32  Combat Shields  
  77  6:33  Supply Depot, Refinery, Marine x3  
  77  6:34  Marine  
  77  6:37  SCV  
  77  6:39  SCV  
  84  6:40  SCV  
  84  6:44  Marine x3  
  84  6:46  Widow Mine x2  
  88  6:49  Barracks Reactor  
  88  6:50  SCV  
  88  6:51  SCV, Marine  
  94  6:55  Supply Depot  
  94  6:56  SCV  
  94  6:59  Marine  
  94  7:00  Marine x2  
  94  7:01  Supply Depot  
  98  7:02  Marine x2  
  98  7:04  Marine  
  98  7:05  Medivac  
  103  7:09  Marine  
  103  7:12  SCV x2, Factory  
  104  7:17  SCV  
  104  7:18  Terran Infantry Armor Level 2, Terran Infantry Weapons Level 2  
  105  7:28  Factory Tech Lab  
  106  7:31  Terran Vehicle Weapons Level 1  
  106  7:36  Supply Depot  
  105  7:37  Supply Depot  
  105  7:39  Marauder, Marine x3  
  105  7:40  Supply Depot, Marine x5  
  105  7:41  Medivac  
  105  7:42  Medivac  
  119  7:48  Supply Depot  
  119  7:50  Siege Tank  
  122  7:57  Factory Tech Lab  
  120  8:01  Marauder  
  120  8:03  Marine x3  
  120  8:04  Marine x5  
  130  8:17  Barracks x3  
  126  8:21  Marine x2  
  126  8:22  Marauder  
  126  8:25  Siege Tank x2  
  126  8:26  Medivac x2  
  137  8:53  Marine x9  
  137  8:55  Supply Depot  
  146  8:57  Medivac x2  
  146  8:59  Supply Depot  
  138  9:11  Barracks Tech Lab x3, Marauder, Marine  
  126  9:17  Marine x3  
  126  9:18  Marine x3  
  126  9:19  Siege Tank  
  126  9:20  Siege Tank  
  138  9:25  Marine  
  138  9:28  Marine  
  139  9:32  Marauder, Marine  
  139  9:33  Medivac x2, Marauder x2  
  139  9:35  Marine x2  
  139  9:37  SCV  
  139  9:38  Terran Infantry Armor Level 3  
  153  9:39  Terran Infantry Weapons Level 3  
  153  9:47  Marine x3  
  153  9:48  Marine  
  157  9:54  Marauder  
  157  10:03  Medivac  
  157  10:04  Marine x3  
  157  10:05  Marauder x3  
  164  10:07  Marine x2  
  164  10:08  Medivac, Siege Tank x2  
  158  10:25  Marine x2  
  158  10:26  Marauder x3, Marine x6  
  158  10:27  Marauder  
  147  10:40  Command Center  
  147  10:45  Siege Tank  
  147  10:46  Siege Tank  
  147  10:47  Marauder  
  147  10:48  Marine x3  
  147  10:49  Marauder x3, Marine x2  
  160  10:54  Marine x3  
  139  11:09  Marauder  
  139  11:10  Concussive Shells, Marauder x2  
  139  11:11  Marauder  
  147  11:13  Terran Vehicle Weapons Level 2  
  147  11:22  Liberator  
  147  11:24  Starport  
  147  11:25  Liberator, Command Center  
  147  11:32  Marine  
  147  11:33  Marauder x3, Marine x3  
  147  11:34  Marauder  
  165  11:53  Marine x3  
  168  11:54  Marauder  
  168  11:55  Marauder  
  165  12:21  Marine  
  165  12:22  Marauder x3, Marine x6  
  177  12:25  Thor  
  181  12:39  Thor  
  184  12:50  Liberator x2  
  184  12:51  Liberator x2  
  190  13:14  Starport  
  190  13:20  Planetary Fortress, Ghost Academy  
  188  13:35  Liberator x3  
  188  13:40  Refinery  
  188  13:44  Refinery  
  188  13:50  Missile Turret  
  188  13:51  Missile Turret  
  197  14:01  Liberator  
  197  14:02  Missile Turret, Liberator  
  197  14:13  Marine x3  
  197  14:14  Marauder x4, Marine  
  169  14:18  Liberator  
  169  14:20  Thor, Widow Mine  
  147  14:43  Marauder x2, Marine x4  
  147  14:44  Marauder x2  
  152  14:50  Hellion  
  149  15:02  Liberator x4  
  149  15:03  Marine x3  
  149  15:05  Marauder x3  
  156  15:17  Fusion Core  
  168  15:24  Orbital Command  
  168  15:26  Missile Turret  
  165  15:38  Medivac  
  165  15:40  Widow Mine x2  
  171  15:44  Missile Turret  
  171  15:45  Missile Turret  
  171  15:56  Refinery  
  171  15:57  Hi-Sec Auto Tracking  
  171  15:58  Building Armor  
  171  15:59  Refinery  
  167  16:15  Command Center, Ghost  
  166  16:18  Widow Mine x2  
  166  16:24  Liberator x3  
  170  16:35  Missile Turret  
  170  16:36  Missile Turret  
  179  16:47  Widow Mine  
  179  16:51  Ghost  
  179  16:52  Ghost  
  185  17:06  Command Center  
  185  17:07  Terran Ship Weapons Level 1  
  185  17:09  Liberator x2  
  185  17:10  Liberator x2  
  185  17:29  Armory  
  197  17:54  Missile Turret  
  197  17:58  Missile Turret  
  197  17:59  Missile Turret x3  
  197  18:06  Command Center  
  197  18:09  Command Center  
  193  18:15  Liberator x5  
  184  18:25  Marauder x2, Marine x3  
  184  18:26  Marauder  
  156  18:38  Planetary Fortress  
  144  18:56  Marine x3  
  144  18:57  Marauder x4, Marine  
  150  19:09  Widow Mine x2  
  153  19:18  Marauder x2, Marine x3  
  153  19:19  Marauder x2  
  163  19:30  Refinery x2  
  158  19:33  Missile Turret  
  158  19:34  Missile Turret  
  158  19:38  Widow Mine  
  158  19:41  Marine x3  
Show
View Real Time Build Order
Export as new Build Order

Cereal Zerg 

Build Orders: Hatch First 

Get SALT Encoding   

  12  0:01  Drone  
  13  0:13  Overlord  
  13  0:17  Drone  
  14  0:31  Drone x2  
  14  0:35  Drone  
  17  0:52  Hatchery  
  17  0:56  Drone  
  17  0:59  Drone  
  17  1:02  Extractor  
  17  1:10  Drone  
  18  1:19  Spawning Pool  
  18  1:21  Drone  
  18  1:29  Drone  
  19  1:39  Overlord  
  19  2:06  Queen x2, Metabolic Boost  
  19  2:07  Zergling x4  
  25  2:10  Zergling x2  
  25  2:15  Drone  
  27  2:18  Drone  
  28  2:23  Drone  
  28  2:28  Drone  
  30  2:35  Drone  
  31  2:37  Drone  
  31  2:41  Queen  
  34  2:45  Overlord  
  35  2:58  Drone  
  35  3:00  Drone  
  35  3:03  Drone  
  35  3:05  Drone, Hatchery  
  37  3:08  Drone  
  38  3:13  Overlord  
  38  3:14  Drone  
  38  3:16  Drone  
  40  3:26  Drone  
  40  3:27  Drone x3  
  44  3:34  Drone x2  
  44  3:37  Roach Warren  
  45  3:41  Overlord  
  45  3:43  Drone  
  45  3:46  Extractor x2  
  44  4:08  Spore Crawler  
  43  4:10  Spore Crawler  
  43  4:13  Drone x6  
  43  4:14  Drone  
  49  4:19  Queen  
  49  4:21  Roach x3  
  57  4:27  Lair  
  57  4:31  Drone, Evolution Chamber  
  57  4:32  Evolution Chamber  
  56  4:40  Drone x2  
  56  4:41  Overlord  
  58  4:49  Overlord x2  
  58  5:12  Drone x9  
  67  5:21  Queen  
  65  5:25  Ravager  
  65  5:26  Ravager x2  
  68  5:30  Drone x2  
  68  5:31  Zerg Ground Armor Level 1, Zerg Missile Weapons Level 1  
  68  5:32  Glial Reconstitution  
  68  5:34  Drone x3  
  68  5:35  Drone, Roach  
  76  5:49  Drone x2  
  82  5:50  Drone x4, Overlord  
  82  5:51  Overlord  
  82  6:08  Overseer  
  82  6:13  Drone x2, Extractor  
  82  6:14  Drone x3, Extractor, Roach  
  82  6:15  Roach x4  
  82  6:16  Ravager  
  96  6:19  Roach  
  96  6:24  Overlord  
  96  6:25  Extractor, Overlord  
  95  6:36  Drone x2  
  95  6:37  Drone  
  95  6:38  Overlord  
  98  6:43  Overlord x2  
  98  6:44  Roach x2  
  98  6:45  Roach x4  
  110  6:53  Roach x2  
  114  6:57  Hatchery, Overlord  
  114  6:58  Overlord  
  113  7:01  Roach  
  113  7:02  Roach  
  117  7:09  Roach x3  
  117  7:14  Roach x3  
  117  7:15  Roach x4  
  137  7:21  Infestation Pit  
  136  7:29  Zerg Missile Weapons Level 2, Zerg Ground Armor Level 2  
  136  7:30  Drone  
  136  7:31  Drone x4  
  132  7:59  Drone x6  
  132  8:00  Drone, Spore Crawler  
  138  8:11  Extractor  
  138  8:12  Drone x11, Hatchery  
  147  8:19  Extractor  
  136  8:27  Hive  
  136  8:33  Overseer  
  136  8:45  Spire  
  136  8:46  Pathogen Glands  
  135  9:01  Overlord x4  
  135  9:02  Roach, Overlord  
  137  9:03  Roach x9  
  137  9:09  Hatchery  
  152  9:16  Drone x4  
  156  9:17  Spore Crawler x2  
  156  9:18  Spore Crawler  
  156  9:21  Infestor x3  
  156  9:22  Infestor x2  
  163  9:24  Ravager  
  163  9:25  Ravager x6  
  170  9:46  Adrenal Glands  
  170  9:47  Zerg Melee Weapons Level 1  
  170  9:49  Ultralisk Cavern, Zergling x2  
  170  9:50  Zergling x22  
  157  10:27  Zerg Ground Armor Level 3  
  141  10:31  Zerg Flyer Weapons Level 1  
  141  10:32  Overseer x2  
  141  10:34  Queen  
  141  10:35  Chitinous Plating  
  143  10:37  Ultralisk x2  
  143  10:38  Zergling x2  
  143  10:39  Zergling x18  
  119  10:59  Roach  
  119  11:00  Roach x5  
  119  11:05  Ultralisk x2  
  119  11:10  Pneumatized Carapace  
  125  11:17  Infestor  
  127  11:19  Zergling x2  
  127  11:20  Zergling x10  
  133  11:30  Ravager  
  133  11:31  Ravager x4  
  138  11:33  Zergling x10  
  138  11:34  Zergling x8  
  138  11:39  Drone, Hatchery  
  147  11:43  Zerg Melee Weapons Level 2  
  147  11:48  Ultralisk  
  147  11:49  Zergling x6  
  156  12:02  Corruptor  
  156  12:03  Corruptor x2  
  142  12:23  Ultralisk x2  
  142  12:25  Zergling x2  
  142  12:26  Zergling x24  
  156  12:35  Corruptor x3  
  153  12:50  Ultralisk  
  155  12:53  Zergling x2  
  155  12:54  Zergling x12  
  159  13:01  Zergling x10  
  164  13:06  Drone x4  
  164  13:09  Corruptor x2, Spore Crawler  
  164  13:10  Spore Crawler  
  170  13:15  Zerg Flyer Weapons Level 2  
  170  13:24  Zergling x10  
  170  13:25  Zergling x6  
  178  13:30  Infestor  
  180  13:37  Drone x5  
  180  13:38  Drone x5  
  180  13:40  Overseer  
  189  13:48  Roach x5  
  195  14:16  Ultralisk x3  
  183  14:17  Zergling x6  
  183  14:18  Overlord, Zergling x4  
  183  14:19  Overlord x2  
  133  14:31  Corruptor  
  133  14:32  Corruptor x2  
  133  14:35  Zergling x10  
  133  14:36  Zergling x2  
  129  14:47  Infestor  
  129  14:51  Zergling x2  
  129  14:52  Zergling x18  
  137  14:58  Zergling x8  
  135  15:04  Extractor x2  
  133  15:17  Drone  
  133  15:18  Drone x4  
  138  15:24  Hatchery  
  143  15:35  Ultralisk  
  142  15:54  Ultralisk x2  
  150  16:12  Ultralisk x2  
  150  16:16  Corruptor x2  
  164  16:19  Drone  
  164  16:20  Drone  
  166  16:29  Spore Crawler  
  166  16:30  Drone  
  166  16:31  Drone x3  
  169  16:38  Corruptor  
  171  16:49  Corruptor x2  
  171  16:54  Corruptor  
  176  17:06  Corruptor  
  176  17:07  Corruptor  
  180  17:10  Corruptor  
  182  17:18  Corruptor x2  
  186  17:32  Corruptor x2  
  190  17:37  Corruptor  
  192  17:46  Corruptor x2  
  196  17:57  Ravager x3  
  144  18:27  Ultralisk x3  
  144  18:28  Zergling x4  
  144  18:29  Zergling x10  
  144  18:56  Zergling x2  
  144  18:57  Zergling x32  
  159  19:05  Overseer x3  
  150  19:11  Zergling x2  
  150  19:12  Zergling x10  
  155  19:23  Corruptor x2  
  159  19:27  Corruptor  
Tags
 
Add a new tag
Caveats
  • Supply blocks, unpowered buildings, or Contaminate may cause inaccurate times.
  • Supply counts are checked every 10 seconds.